AoeStats
← Jan

Oasis

508288685Analyzed
4v4 RM · 12d ago on Sep 21, 2026· 83m 27s· 8 players
Game mode
Random Map
Map size
Large (8 player)
Population
200
Speed
Normal
Resources
Standard
Victory
Conquest
Starting age
Dark Age
Ending age
Imperial Age
RankedLock teamsTeams togetherTeam positionsShared explorationLock speedFull tech treeHidden civsTurbo modeCheats
Victory
Defeat
🇮🇹 Mapuche · Italy
910
+14
🇦🇱 Khmer · Albania
838
+17
🇩🇪 Italians · Germany
794
+18
768
+20
🇩🇪 Franks · Germany
878
-18
🇲🇽 Britons · Mexico
863
-18
🇳🇱 Turks · Netherlands
846
-17
🇪🇸 Huns · Spain
819
-16
ramparrondo
10:04 Feudal Age
8:23 Loom
10:25 Horse Collar
10:34 Double-Bit Axe
18:52 Castle Age
19:49 Heavy Plow
20:01 Bow Saw
20:54 Stone Mining
20:59 Gold Mining
22:10 Forging
22:05 Scale Barding Armor
22:20 Caravan
23:23 Husbandry
24:07 Bloodlines
26:03 Light Cavalry
28:17 Wheelbarrow
27:34 Town Watch
31:16 Iron Casting
31:01 Chain Barding Armor
31:08 Chain Barding Armor
41:59 Imperial Age
39:49 Hand Cart
41:38 Masonry
41:24 Murder Holes
41:50 Ballistics
41:25 Fletching
43:37 Conscription
42:41 Elite Tarkan
54:34 Blast Furnace
54:10 Plate Barding Armor
54:03 Hussar
victorwesselink
11:47 Feudal Age
15:37 Man-at-Arms
25:11 Castle Age
25:17 Castle Age
35:39 Scale Barding Armor
35:45 Forging
39:38 Imperial Age
38:31 Chain Barding Armor
38:47 Iron Casting
39:33 Husbandry
42:01 Heavy Camel Rider
Jan
10:32 Loom
12:59 Feudal Age
13:31 Double-Bit Axe
17:07 Scale Barding Armor
17:52 Forging
22:11 Castle Age
25:27 Husbandry
26:05 Iron Casting
26:01 Bow Saw
25:46 Gold Mining
26:24 Town Watch
27:55 Wheelbarrow
30:14 Stone Mining
30:43 Hand Cart
30:59 Fletching
35:30 Imperial Age
36:20 Ballistics
36:41 Cavalier
37:44 Chain Barding Armor
39:46 Fortified Wall
40:19 Plate Barding Armor
40:37 Paladin
41:28 Caravan
42:14 Gold Shaft Mining
42:02 Conscription
42:34 Masonry
43:27 Blast Furnace
43:42 #83
42:56 Elite Throwing Axeman
44:55 Scale Mail Armor
46:04 Bodkin Arrow
46:07 Murder Holes
48:27 Chain Mail Armor
49:59 Plate Mail Armor
50:02 Architecture
52:36 Hoardings
juanmartincr90
4:34 Loom
10:13 Feudal Age
11:29 Wheelbarrow
10:49 Double-Bit Axe
11:05 Horse Collar
23:07 Castle Age
22:00 Stone Mining
22:01 Gold Mining
22:12 Fletching
22:23 Padded Archer Armor
24:47 Heavy Plow
25:00 Bow Saw
25:35 Caravan
25:41 Caravan
25:38 Town Watch
26:31 Treadmill Crane
28:12 Bodkin Arrow
28:32 Leather Archer Armor
29:20 Gold Shaft Mining
30:04 Hand Cart
38:16 Imperial Age
37:39 Ballistics
38:46 Masonry
38:50 Fortified Wall
39:05 Town Patrol
40:31 Two-Man Saw
40:52 Chemistry
40:17 Conscription
41:17 Hoardings
40:14 Pikeman
40:56 Squires
43:03 Onager
45:27 Elite Longbowman
46:12 Gambesons
46:40 Bracer
47:12 Halberdier
50:02 Arson
50:28 Siege Engineers
50:54 Architecture
51:03 Ring Archer Armor
53:55 Warwolf
57:09 Forging
56:59 Scale Mail Armor
59:42 Capped Ram
62:01 Iron Casting
61:41 Chain Mail Armor
69:53 Elite Skirmisher
Scanderbeg^ReX¬ALBANIE
0:31 Loom
13:14 Feudal Age
16:01 Horse Collar
16:08 Double-Bit Axe
19:26 Wheelbarrow
23:11 Castle Age
23:52 Heavy Plow
24:03 Husbandry
24:13 Bloodlines
26:04 Gold Mining
26:04 Stone Mining
27:47 Gold Shaft Mining
27:51 Scale Barding Armor
30:17 Forging
32:25 Bow Saw
32:44 Elite Skirmisher
34:15 Hand Cart
34:34 Chain Barding Armor
35:07 Ballistics
37:01 Padded Archer Armor
40:45 Imperial Age
39:33 Caravan
40:41 Leather Archer Armor
42:32 Chemistry
42:11 Conscription
42:59 Shatagni
43:03 Grand Trunk Road
44:14 Two-Man Saw
43:50 Ring Archer Armor
43:39 Heavy Camel Rider
45:09 Siege Engineers
45:58 Imperial Camel Rider
48:21 Iron Casting
48:29 Town Watch
50:24 Plate Barding Armor
51:30 Blast Furnace
51:14 Coinage
51:00 Town Patrol
52:59 Fletching
54:37 Onager
71:10 Banking
Icewulf 11
0:38 Loom
13:50 Feudal Age
14:49 Double-Bit Axe
21:51 Castle Age
20:53 Forging
21:13 Scale Mail Armor
21:47 Padded Archer Armor
21:43 Stone Mining
22:06 Fletching
22:36 Crossbowman
23:31 Horse Collar
24:31 Leather Archer Armor
25:13 Pikeman
26:26 Chain Mail Armor
28:00 Iron Casting
28:44 Bodkin Arrow
29:44 Bow Saw
36:25 Imperial Age
34:10 Heavy Plow
34:31 Murder Holes
38:47 Chemistry
39:16 Two-Man Saw
38:38 Caravan
41:15 Blast Furnace
41:59 Coinage
42:46 Ring Archer Armor
43:36 Ballistics
44:17 Plate Mail Armor
46:35 Banking
49:34 Elite Genoese Crossbowman
52:23 Bracer
56:49 Guilds
81:31 Spies/Treason
SuperGiGi
0:46 Loom
14:49 Feudal Age
22:07 Wheelbarrow
24:40 Horse Collar
24:52 Double-Bit Axe
25:53 Town Watch
29:50 Castle Age
29:51 Pikeman
35:59 Heavy Plow
41:34 Imperial Age
41:31 Hand Cart
42:11 Gold Mining
42:12 Stone Mining
41:49 Heavy Scorpion
43:12 Bow Saw
44:13 Gold Shaft Mining
47:22 Stone Shaft Mining
48:12 Double Crossbow
48:33 Conscription
50:20 Caravan
50:50 Coinage
51:42 Chemistry
55:05 Elite Ballista Elephant
55:46 Tusk Swords
69:15 Banking
70:58 Forging
70:53 Scale Barding Armor
70:49 Scale Mail Armor
70:50 Padded Archer Armor
70:40 Fletching
72:02 Banking
73:13 Iron Casting
72:26 Halberdier
79:43 Blast Furnace
79:06 Chain Barding Armor
79:02 Chain Mail Armor
78:45 Bodkin Arrow
79:05 Leather Archer Armor
80:49 Arson
82:27 Ring Archer Armor
81:57 Bracer
82:17 Town Patrol
83:00 Plate Barding Armor
83:18 Spies/Treason
BuffaloPete
3:07 Loom
11:42 Feudal Age
12:16 Horse Collar
12:25 Double-Bit Axe
13:20 Wheelbarrow
15:25 Forging
15:50 Fletching
16:19 Champi Runner
21:37 Castle Age
20:31 Arson
20:49 Gold Mining
20:50 Stone Mining
23:08 Bodkin Arrow
23:37 Heavy Plow
23:51 Bow Saw
24:40 Padded Archer Armor
25:42 Hand Cart
26:35 Stone Shaft Mining
26:12 Town Watch
26:50 Leather Archer Armor
27:44 Town Patrol
28:48 Ballistics
30:26 Iron Casting
31:44 Gold Shaft Mining
36:21 Imperial Age
36:25 Elite Bolas Rider
37:42 Ring Archer Armor
38:16 Chemistry
37:27 Masonry
37:59 Crop Rotation
39:28 Treadmill Crane
40:19 Architecture
39:35 Arrowslits
40:42 Pikeman
42:29 Blast Furnace
41:30 Scale Mail Armor
42:17 Conscription
41:59 Malon
43:21 Butalmapu
42:41 Halberdier
44:48 Hoardings
62:51 Onager
75:10 Caravan
76:15 Chain Mail Armor
79:20 Spies/Treason
81:35 Sappers
82:43 Plate Mail Armor
Connection lost

Rejoining the realm…

Still unreachable

The connection could not be restored.

Session expired

The server has moved on; the page needs a fresh start.